3L
OAKLAND OAKS @ PANAMA CITY PIRANHAS
06/13/2019
 
TOP OF THE 1ST
Oakland Oaks batting - Pitching for Panama City Piranhas : RHP Elvin Brooks
Pitching: RHP Elvin Brooks
Batting: SHB Ramiro Salazar 0-0: Ball
1-0: Called Strike
1-1: Ball
2-1: Ground out 6-3 (Groundball, 6M)
Batting: LHB Félix Pérez 0-0: Ground out 4-3 (Groundball, 4)
Batting: RHB Alden Wiley 0-0: Called Strike
0-1: Foul Ball, location: 2F
0-2: Ball
1-2: Fly out, F7 (Flyball, 8LD)
Top of the 1st over - 0 run(s), 0 hit(s), 0 error(s), 0 left on base; Oakland 0 - Panama City 0
BOTTOM OF THE 1ST
Panama City Piranhas batting - Pitching for Oakland Oaks : RHP Jim Roberts
Pitching: RHP Jim Roberts
Batting: RHB Hal Romaine 0-0: Ball
1-0: Called Strike
1-1: Ball
2-1: SINGLE (Line Drive, 8LS)
Batting: RHB Jeff Bass 0-0: Called Strike
0-1: Swinging Strike
0-2: Grounds into double play, 6-4-3 (Groundball, 6)
Batting: SHB Marc Talamante 0-0: Ball
1-0: Fly out, F4 (Popup, 4S)
Bottom of the 1st over - 0 run(s), 1 hit(s), 0 error(s), 0 left on base; Oakland 0 - Panama City 0
TOP OF THE 2ND
Oakland Oaks batting - Pitching for Panama City Piranhas : RHP Elvin Brooks
Batting: LHB Monte Pollard 0-0: Ball
1-0: Ball
2-0: Fly out, F2 (Popup, 2LF)
Batting: RHB Aurelio Vázquez 0-0: Ground out 1-3 (Groundball, 13)
Batting: SHB Arturo Hernández 0-0: Ball
1-0: Swinging Strike
1-1: Ball
2-1: Swinging Strike
2-2: Ball
3-2: Fly out, F9 (Flyball, 9LS)
Top of the 2nd over - 0 run(s), 0 hit(s), 0 error(s), 0 left on base; Oakland 0 - Panama City 0
BOTTOM OF THE 2ND
Panama City Piranhas batting - Pitching for Oakland Oaks : RHP Jim Roberts
Batting: LHB Miguel Martínez 0-0: Ball
1-0: Ball
2-0: Foul Ball, location: 2F
2-1: Ball
3-1: Ground out 3-1 (Groundball, 34)
Batting: SHB Theodore Buck 0-0: Called Strike
0-1: Ball
1-1: Ground out 6-3 (Groundball, 6M)
Batting: RHB Joel Lee 0-0: Ball
1-0: Called Strike
1-1: Called Strike
1-2: Foul Ball, location: 2F
1-2: Ball
2-2: Ball
3-2: Strikes out swinging
Bottom of the 2nd over - 0 run(s), 0 hit(s), 0 error(s), 0 left on base; Oakland 0 - Panama City 0
TOP OF THE 3RD
Oakland Oaks batting - Pitching for Panama City Piranhas : RHP Elvin Brooks
Batting: SHB John Allen 0-0: Ball
1-0: Ground out 1-3 (Groundball, 13)
Batting: SHB Jim Roberts 0-0: Called Strike
0-1: Ball
1-1: Fly out, F9 (Line Drive, 89M)
Batting: RHB Chandler Bailey 0-0: Foul Ball, location: 2F
0-1: Ground out 5-3 (Groundball, 5)
Top of the 3rd over - 0 run(s), 0 hit(s), 0 error(s), 0 left on base; Oakland 0 - Panama City 0
BOTTOM OF THE 3RD
Panama City Piranhas batting - Pitching for Oakland Oaks : RHP Jim Roberts
Batting: LHB Steve Grimes 0-0: Foul Ball, location: 2F
0-1: Ball
1-1: Ball
2-1: Foul Ball, location: 2F
2-2: Fly out, F9 (Flyball, 9M)
Batting: RHB William Hull 0-0: Called Strike
0-1: Foul Ball, location: 2F
0-2: Ball
1-2: Foul Ball, location: 2F
1-2: Strikes out swinging
Batting: RHB Elvin Brooks 0-0: Foul Ball, location: 2F
0-1: Foul Ball, location: 2F
0-2: Ball
1-2: Ground out 5-3 (Groundball, 56)
Bottom of the 3rd over - 0 run(s), 0 hit(s), 0 error(s), 0 left on base; Oakland 0 - Panama City 0
TOP OF THE 4TH
Oakland Oaks batting - Pitching for Panama City Piranhas : RHP Elvin Brooks
Batting: SHB Ramiro Salazar 0-0: Ball
1-0: Ball
2-0: Ball
3-0: Base on Balls
Batting: LHB Félix Pérez 0-0: Ball
1-0: Ball
2-0: Ball
3-0: Base on Balls
Ramiro Salazar to second
Batting: RHB Alden Wiley 0-0: Foul Ball, location: 2F
0-1: Ball
1-1: Ball
2-1: Foul Ball, location: 2F
2-2: Ball
3-2: Base on Balls
Ramiro Salazar to third
Félix Pérez to second
Batting: LHB Monte Pollard 0-0: Ball
1-0: Foul Ball, location: 2F
1-1: Ball
2-1: Foul Ball, location: 2F
2-2: SINGLE (Groundball, 6M) (infield hit)
Ramiro Salazar scores
Félix Pérez to third
Alden Wiley to second
Batting: RHB Aurelio Vázquez 0-0: Called Strike
0-1: Called Strike
0-2: Foul Ball, location: 2F
0-2: Ball
Wild Pitch!
Félix Pérez scores
Alden Wiley to third
Monte Pollard to second
1-2: Strikes out swinging
Batting: SHB Arturo Hernández 0-0: Ball
1-0: Ball
2-0: Called Strike
2-1: Ball
3-1: Base on Balls
Batting: SHB John Allen 0-0: Ball
1-0: SINGLE (Line Drive, 34D)
Alden Wiley scores
Monte Pollard to third
Arturo Hernández to second
Batting: SHB Jim Roberts 0-0: Swinging Strike
0-1: Ball
1-1: Foul Ball, location: 2F
1-2: Ball
2-2: Strikes out swinging
Batting: RHB Chandler Bailey 0-0: Swinging Strike
0-1: SINGLE (Groundball, 4MD)
Monte Pollard scores
Arturo Hernández to third
John Allen to second
Runner from 3rd tries for Home, SAFE, throw made home
John Allen to third
Chandler Bailey to second
Pitching: LHP Albert Lucas
Batting: SHB Ramiro Salazar 0-0: Ball
1-0: Called Strike
1-1: Ball
2-1: Foul Ball, location: 2F
2-2: Foul Ball, location: 2F
2-2: Strikes out swinging
Top of the 4th over - 5 run(s), 3 hit(s), 0 error(s), 2 left on base; Oakland 5 - Panama City 0
BOTTOM OF THE 4TH
Panama City Piranhas batting - Pitching for Oakland Oaks : RHP Jim Roberts
Batting: RHB Hal Romaine 0-0: Foul Ball, location: 2F
0-1: Foul Ball, location: 2F
0-2: Ball
1-2: Strikes out swinging
Batting: RHB Jeff Bass 0-0: Ball
1-0: Foul Ball, location: 2F
1-1: Swinging Strike
1-2: Strikes out looking
Batting: SHB Marc Talamante 0-0: Ball
1-0: Fly out, F7 (Line Drive, 78M)
Bottom of the 4th over - 0 run(s), 0 hit(s), 0 error(s), 0 left on base; Oakland 5 - Panama City 0
TOP OF THE 5TH
Oakland Oaks batting - Pitching for Panama City Piranhas : LHP Albert Lucas
Batting: LHB Félix Pérez 0-0: Called Strike
0-1: Ball
1-1: Fly out, F9 (Flyball, 9S)
Batting: RHB Alden Wiley 0-0: Called Strike
0-1: Called Strike
0-2: Ball
1-2: Foul Ball, location: 2F
1-2: SINGLE (Line Drive, 34D)
Batting: LHB Monte Pollard 0-0: Foul Ball, location: 2F
0-1: Ball
1-1: Ball
2-1: Ball
3-1: Base on Balls
Alden Wiley to second
Batting: RHB Aurelio Vázquez 0-0: Called Strike
0-1: Ball
1-1: Ball
2-1: Ball
3-1: Foul Ball, location: 2F
3-2: Foul Ball, location: 2F
3-2: Base on Balls
Alden Wiley to third
Monte Pollard to second
Batting: SHB Arturo Hernández 0-0: Ball
1-0: Swinging Strike
1-1: Ball
2-1: Swinging Strike
2-2: Foul Ball, location: 2F
2-2: Foul Ball, location: 2F
2-2: Foul Ball, location: 2F
2-2: Strikes out swinging
Batting: SHB John Allen 0-0: Ball
1-0: Ball
2-0: Foul Ball, location: 2F
2-1: Foul Ball, location: 2F
2-2: Strikes out swinging
Top of the 5th over - 0 run(s), 1 hit(s), 0 error(s), 3 left on base; Oakland 5 - Panama City 0
BOTTOM OF THE 5TH
Panama City Piranhas batting - Pitching for Oakland Oaks : RHP Jim Roberts
Batting: LHB Miguel Martínez 0-0: Ball
1-0: Ball
2-0: Foul Ball, location: 2F
2-1: Foul Ball, location: 2F
2-2: Foul Ball, location: 2F
2-2: Foul Ball, location: 2F
2-2: Fly out, F3 (Line Drive, 34)
Batting: SHB Theodore Buck 0-0: Called Strike
0-1: Fly out, F9 (Line Drive, 89M)
Batting: RHB Joel Lee 0-0: Called Strike
0-1: Swinging Strike
0-2: Ball
1-2: Foul Ball, location: 2F
1-2: Ball
2-2: Ball
3-2: Base on Balls
Batting: LHB Steve Grimes 0-0: Ball
1-0: Ball
2-0: Foul Ball, location: 2F
2-1: Ball
3-1: Foul Ball, location: 2F
3-2: Foul Ball, location: 2F
3-2: Base on Balls
Joel Lee to second
Batting: RHB William Hull 0-0: Ball
1-0: Ball
2-0: Ball
3-0: Base on Balls
Joel Lee to third
Steve Grimes to second
Pinch Hitting: LHB Francisco Sánchez 0-0: Called Strike
0-1: Called Strike
0-2: Foul Ball, location: 2F
0-2: Fielders Choice at 2nd, U6 (Groundball, 6M)
Bottom of the 5th over - 0 run(s), 0 hit(s), 0 error(s), 3 left on base; Oakland 5 - Panama City 0
TOP OF THE 6TH
Oakland Oaks batting - Pitching for Panama City Piranhas : LHP Albert Lucas
Pitching: RHP Kevin Thomas
Batting: SHB Jim Roberts 0-0: Called Strike
0-1: Ground out 1-3 (Groundball, 13)
Batting: RHB Chandler Bailey 0-0: Foul Ball, location: 2F
0-1: Ball
1-1: SINGLE (Groundball, 34D)
Batting: SHB Ramiro Salazar 0-0: Ball
1-0: Called Strike
1-1: Ball
2-1: Ball
3-1: Called Strike
3-2: Foul Ball, location: 2F
3-2: SINGLE (Groundball, 6MD)
Chandler Bailey to second
Batting: LHB Félix Pérez 0-0: Grounds out, U3 (Groundball, 3L)
Chandler Bailey to third
Batting: RHB Alden Wiley 0-0: Called Strike
0-1: Hit by Pitch
Batting: LHB Monte Pollard 0-0: Called Strike
0-1: Ball
1-1: Ball
2-1: Fly out, F8 (Flyball, 8LM)
Top of the 6th over - 0 run(s), 2 hit(s), 0 error(s), 3 left on base; Oakland 5 - Panama City 0
BOTTOM OF THE 6TH
Panama City Piranhas batting - Pitching for Oakland Oaks : RHP Jim Roberts
Batting: RHB Hal Romaine 0-0: Ball
1-0: Ball
2-0: Called Strike
2-1: Foul Ball, location: 2F
2-2: Foul Ball, location: 2F
2-2: Strikes out swinging
Batting: RHB Jeff Bass 0-0: Called Strike
0-1: Swinging Strike
0-2: Strikes out swinging
Batting: SHB Marc Talamante 0-0: Swinging Strike
0-1: Ball
1-1: Called Strike
1-2: Fly out, F9 (Flyball, 9D)
Bottom of the 6th over - 0 run(s), 0 hit(s), 0 error(s), 0 left on base; Oakland 5 - Panama City 0
TOP OF THE 7TH
Oakland Oaks batting - Pitching for Panama City Piranhas : RHP Kevin Thomas
Batting: RHB Aurelio Vázquez 0-0: Swinging Strike
0-1: Ground out 4-3 (Groundball, 4M)
Batting: SHB Arturo Hernández 0-0: Ball
1-0: Called Strike
1-1: Swinging Strike
1-2: Strikes out looking
Batting: SHB John Allen 0-0: Swinging Strike
0-1: Foul Ball, location: 2F
0-2: Ground out 4-3 (Groundball, 4)
Top of the 7th over - 0 run(s), 0 hit(s), 0 error(s), 0 left on base; Oakland 5 - Panama City 0
BOTTOM OF THE 7TH
Panama City Piranhas batting - Pitching for Oakland Oaks : RHP Jim Roberts
Now at SS: Eugene Parrish
Now in LF: Maxwell Ings
Batting: LHB Miguel Martínez 0-0: Ball
1-0: Ball
2-0: DOUBLE (Line Drive, 89D)
Batting: SHB Theodore Buck 0-0: Ball
1-0: Called Strike
1-1: Ground out 6-3 (Groundball, 6)
Batting: RHB Joel Lee 0-0: Called Strike
0-1: Ball
1-1: Swinging Strike
1-2: Ground out 5-3 (Groundball, 15S)
Miguel Martínez to third
Batting: LHB Steve Grimes 0-0: Ball
1-0: Ball
2-0: Called Strike
2-1: Ball
3-1: Called Strike
3-2: Strikes out swinging
Bottom of the 7th over - 0 run(s), 1 hit(s), 0 error(s), 1 left on base; Oakland 5 - Panama City 0
TOP OF THE 8TH
Oakland Oaks batting - Pitching for Panama City Piranhas : RHP Kevin Thomas
Pitching: RHP Bob Compton
Batting: SHB Jim Roberts 0-0: Ball
1-0: Foul Ball, location: 2F
1-1: Swinging Strike
1-2: Strikes out swinging
Batting: RHB Chandler Bailey 0-0: Ball
1-0: Ground out 1-3 (Groundball, 23)
Batting: SHB Ramiro Salazar 0-0: Foul Ball, location: 2F
0-1: Called Strike
0-2: Ball
1-2: Ball
2-2: Ball
3-2: Foul Ball, location: 2F
3-2: Base on Balls
Batting: LHB Félix Pérez 0-0: Swinging Strike
0-1: Foul Ball, location: 2F
0-2: Ball
1-2: Ball
2-2: Fly out, F8 (Flyball, 8RD)
Top of the 8th over - 0 run(s), 0 hit(s), 0 error(s), 1 left on base; Oakland 5 - Panama City 0
BOTTOM OF THE 8TH
Panama City Piranhas batting - Pitching for Oakland Oaks : RHP Jim Roberts
Batting: RHB William Hull 0-0: Ball
1-0: SINGLE (Groundball, 5D)
Pinch Hitting: RHB Pete Knight 0-0: Ball
1-0: Called Strike
1-1: Foul Ball, location: 2F
1-2: Foul Ball, location: 2F
1-2: Ground out 4-3 (Groundball, 4M)
William Hull to second
Batting: RHB Hal Romaine 0-0: Ball
1-0: Called Strike
1-1: Called Strike
1-2: Ball
2-2: Fly out, F7 (Flyball, 7M)
Pitching: RHP Robert Anderson
Batting: RHB Jeff Bass 0-0: Ball
1-0: Called Strike
1-1: Swinging Strike
1-2: Strikes out looking
Bottom of the 8th over - 0 run(s), 1 hit(s), 0 error(s), 1 left on base; Oakland 5 - Panama City 0
TOP OF THE 9TH
Oakland Oaks batting - Pitching for Panama City Piranhas : RHP Bob Compton
Pitching: RHP Jessie Holley
Batting: RHB Alden Wiley 0-0: Ground out 5-3 (Groundball, 56)
Batting: SHB Eugene Parrish 0-0: Ball
1-0: Foul Ball, location: 2F
1-1: Foul Ball, location: 2F
1-2: Strikes out looking
Batting: RHB Aurelio Vázquez 0-0: Called Strike
0-1: Swinging Strike
0-2: Strikes out swinging
Top of the 9th over - 0 run(s), 0 hit(s), 0 error(s), 0 left on base; Oakland 5 - Panama City 0
BOTTOM OF THE 9TH
Panama City Piranhas batting - Pitching for Oakland Oaks : RHP Robert Anderson
Batting: SHB Marc Talamante 0-0: Ball
1-0: Ball
2-0: Ground out 5-3 (Groundball, 6S)
Batting: LHB Miguel Martínez 0-0: Ball
1-0: Ball
2-0: Called Strike
2-1: Ground out U3 (Groundball, 3S)
Batting: SHB Theodore Buck 0-0: Called Strike
0-1: Called Strike
0-2: Foul Ball, location: 2F
0-2: Foul Ball, location: 2F
0-2: Ball
1-2: Ground out 4-3 (Groundball, 34)
Bottom of the 9th over - 0 run(s), 0 hit(s), 0 error(s), 0 left on base; Oakland 5 - Panama City 0
This league is powered by Out of the Park Baseball, the baseball management simulation game for PC, Mac and Linux
Saturday, July 25th, 2015 - OOTP Baseball 15.6 Build 34